 Dungeon Crawl Stone Soup version 0.29.1-4-g47bece8355 (webtiles) character file.

Game seed: 3774764761811954673

122 kingsuperguy the Chopper (level 5, -3/70 HPs)
             Began as a Hill Orc Monk on Dec 8, 2022.
             Killed from afar by Blork the orc (7 damage)
             ... with a magic dart
             ... on level 4 of the Dungeon.
             The game lasted 00:03:58 (2411 turns).

kingsuperguy the Chopper (Hill Orc Monk)            Turns: 2411, Time: 00:03:59

Health: -3/70      AC:  5    Str: 16    XL:     5   Next: 6%
Magic:  0/5        EV: 12    Int: 10    God:
Gold:   99         SH:  0    Dex: 13    Spells: 4/4 levels left

rFire   . . .      SeeInvis .   a - +0 hand axe
rCold   . . .      Faith    .   (no shield)
rNeg    . . .      Spirit   +   m - +0 leather armour
rPois   .          Reflect  .   l - +0 helmet
rElec   .          Harm     .   (no cloak)
rCorr   .          Rampage  .   k - +0 pair of gloves
Will    .....                   (no boots)
Stlth   ..........              i - amulet of guardian spirit
HPRegen 0.21/turn               (no ring)
MPRegen 0.09/turn               (no ring)

@: berserking (expiring), very quick
A: no striking features
a: no special abilities


You were on level 4 of the Dungeon.
You visited 1 branch of the dungeon, and saw 5 of its levels.

You collected 99 gold pieces.

Inventory:

Hand Weapons
 a - a +0 hand axe (weapon)
Armour
 b - a +0 robe
 k - a +0 pair of gloves (worn)
 l - a +0 helmet (worn)
 m - a +0 leather armour (worn)
Jewellery
 i - an amulet of guardian spirit (around neck)
 n - a ring of flight
Wands
 r - a wand of quicksilver (8)
Scrolls
 e - a scroll of enchant weapon {unknown}
 f - 4 scrolls of teleportation {unknown}
 j - 2 scrolls of poison {unknown}
 p - a scroll of vulnerability {unknown}
 q - 2 scrolls of identify {unknown}
 s - a scroll of fear {unknown}
Potions
 c - a potion of ambrosia
 d - a potion of curing
 o - a potion of invisibility {unknown}


   Skills:
 + Level 4.4 Fighting
 + Level 4.9 Axes
 + Level 1.4 Armour
 + Level 3.0 Dodging
 + Level 2.4 Stealth


You had 4 spell levels left.
You didn't know any spells.
Your spell library was empty.

Dungeon Overview and Level Annotations

Branches:
Dungeon (5/15)
 Temple: D:4-7

Altars:

Annotations:
D:4 Blork the orc


Message History

The bullfrog barely misses you.
You barely miss the bullfrog.
The bullfrog hits you but does no damage.
It was a potion of berserk rage.
A red film seems to cover your vision as you go berserk!
You feel yourself moving faster!
You feel mighty! The bullfrog barely misses you.
You closely miss the bullfrog. You punch the bullfrog!
The bullfrog is heavily wounded.
The bullfrog hits you.
You slash the bullfrog!
You kill the bullfrog!
Your extra speed is starting to run out.
Your life force feels restored.
Your Armour skill increases to level 1!
Your Dodging skill increases to level 3!
You have reached level 5!
You feel stronger.
You can't go down here!
You climb upwards.
Level annotation: Blork the orc You feel a strong urge to attack something.
There is a stone staircase leading down here.
You hit Blork the orc.
Blork the orc is severely wounded.
Blork the orc gestures at you while chanting.
The puff of flame hits you!
* * * LOW HITPOINT WARNING * * *
You barely miss Blork the orc.
Blork the orc is severely wounded.
Blork the orc points at you and mumbles some strange words.
The puff of flame hits you.
* * * LOW HITPOINT WARNING * * *
Blork the orc hits you with a +0 hand axe!
* * * LOW HITPOINT WARNING * * *
Blork the orc casts a cantrip, but nothing happens.
You feel a strong urge to attack something.
Blork the orc points at you and mumbles some strange words.
The magic dart hits you!
You die...

### ... #.# #.#
##.## ######...##
.......>..#####..
######.o........#
##.#@.##### ###
#.#.!# #.. #.#..#
#.# #.#..# #.#
#.#>.# #.# #.#.†#
#.# #.#..# #.#
#####.#..#########†#
#.....#......##....#


You could see Blork the orc (fast).

Vanquished Creatures
  A bullfrog (D:5)
  An adder (D:3)
  A worm (D:2)
  A dart slug (D:4)
  4 orcs
  2 ball pythons
  3 endoplasms
  4 giant cockroaches (D:1)
  5 goblins
  3 hobgoblins
  4 kobolds
  3 quokkas
  4 bats
  3 rats
39 creatures vanquished.

Notes
Turn   | Place    | Note
-------+----------+-------------------------------------------
     0 | D:1      | kingsuperguy the Hill Orc Monk began the quest for the Orb.
     0 | D:1      | Reached XP level 1. HP: 19/19 MP: 1/1
   142 | D:1      | Reached XP level 2. HP: 26/27 MP: 2/2
   333 | D:1      | Found a faded altar of an unknown god.
  1052 | D:2      | Reached XP level 3. HP: 33/33 MP: 3/3
  2323 | D:4      | Reached XP level 4. HP: 40/40 MP: 4/4
  2348 | D:4      | Noticed Blork the orc
  2366 | D:4      | Noticed a bullfrog
  2392 | D:4      | HP: 1/39 [bullfrog (4)]
  2396 | D:5      | Entered Level 5 of the Dungeon
  2405 | D:5      | Killed a bullfrog
  2406 | D:5      | Reached skill level 1 in Armour
  2406 | D:5      | Reached XP level 5. HP: 25/47 MP: 1/5
  2411 | D:4      | Killed from afar by Blork the orc

Illustrated notes

Levels and vault maps discovered:
D:1:      minmay_arrival_jagged, layout_rooms,
          hellmonk_ecumenical_altar_arch_garden
D:2:      layout_loops_ring, amethyst_killhole
D:3:      layout_basic, uniq_ijyb
D:4:      layout_loops_ring, uniq_blork_the_orc
D:5:      minmay_razor_zed, layout_basic, chequers_serial_rivers_large_a

Skill      XL: |  1  2  3  4 |
---------------+-------------+-----
Fighting       | 4 |  4.4
Stealth        | 2 |  2.4
Armour         | 1 |  1.4
Dodging        | 3 |  3.0
Axes           | |  4.9

Action                   |  1- 3 |  4- 6 || total
-------------------------+-------+-------++-------
Melee: Hand axe          |   117 |    28 ||   145
       Punch             |       |     1 ||     1
  Use: Potion            |       |     8 ||     8
 Stab: Sleeping          |     4 |     1 ||     5
Armor: Robe              |    21 |       ||    21
       Leather armour    |    12 |     7 ||    19
Dodge: Dodged            |    91 |    24 ||   115
